 Dungeon Crawl Stone Soup version 0.31-a0-819-gf6de2f5ab6 (webtiles) character file.

Game seed: 17093359979344206233

9244 Joey1 the Bludgeoner (level 11, 0/69 HPs)
             Began as a Gargoyle Fighter on Sept 24, 2023.
             Was a Priest of Okawaru.
             Killed from afar by a rime drake (22 damage)
             ... with an icy flash freeze
             ... on level 1 of the Lair of Beasts.
             The game lasted 00:28:16 (11404 turns).

Joey1 the Bludgeoner (Gargoyle Fighter)            Turns: 11404, Time: 00:28:16

Health: 0/69       AC: 24    Str: 24    XL:     11   Next: 43%
Magic:  11/11      EV:  6    Int:  9    God:    Okawaru [***...]
Gold:   641        SH:  4    Dex:  9    Spells: 10/10 levels left

rFire   . . .        j - +0 morningstar
rCold   + . .        c - +0 buckler
rNeg    + . .        p - +0 plate armour
rPois   ∞            u - +0 helmet
rElec   +            L - +1 cloak
rCorr   .            (no gloves)
SInv    .            E - +0 pair of boots
Will    .....        (no amulet) Stlth
                     (no ring)
HPRegen 0.31/turn    C - ring of protection from cold
MPRegen 0.12/turn

%: no passive effects
@: studying Staves
A: sickness immunity, AC +8, negative energy resistance 1, electricity
resistance, torment resistance 1, petrification resistance
a: Renounce Religion, Heroism


You were on level 1 of the Lair of Beasts.
You worshipped Okawaru.
Okawaru was most pleased with you.
You visited 3 branches of the dungeon, and saw 11 of its levels.

You collected 641 gold pieces.

Inventory:

Hand Weapons
 j - a +0 morningstar (weapon)
 H - a +0 mace
 M - a +1 mace of freezing
 O - a +1 flail of holy wrath
 P - a +4 flail
Missiles
 o - 6 silver javelins
Armour
 b - a +0 scale mail
 c - a +0 buckler (worn)
 m - a +0 pair of boots
 p - a +0 plate armour (worn)
 u - a +0 helmet (worn)
 E - a +0 pair of boots (worn)
 L - a +1 cloak (worn)
 R - the +1 chain mail of the Marlin {rElec}
   (You found it on level 9 of the Dungeon)

   rElec:     It insulates you from electricity.
Jewellery
 g - a ring of ice
 i - a ring of see invisible
 C - a ring of protection from cold (right hand)
Wands
 d - a wand of acid (20)
 q - a wand of charming (15)
 I - a wand of iceblast (9)
 J - a wand of mindburst (9)
Scrolls
 a - a scroll of fog {unknown}
 f - a scroll of enchant armour {unknown}
 k - a scroll of torment
 s - 4 scrolls of enchant weapon
 w - 3 scrolls of blinking
 x - 3 scrolls of vulnerability
 y - 2 scrolls of revelation
 B - 3 scrolls of poison
 D - a scroll of butterflies {unknown}
 F - a scroll of noise {unknown}
 G - 2 scrolls of brand weapon
Potions
 e - a potion of degeneration
 h - a potion of invisibility {unknown}
 l - a potion of magic {unknown}
 n - a potion of resistance {unknown}
 r - 4 potions of curing
 t - 2 potions of haste
 v - a potion of ambrosia
 z - a potion of heal wounds {unknown}
 A - a potion of berserk rage {unknown}
 N - a potion of enlightenment {unknown}
 Q - a potion of attraction {unknown}


   Skills:
 + Level 8.6 Fighting
 + Level 15.2 Maces & Flails
 - Level 5.0 Armour
 - Level 5.0 Shields


You had 10 spell levels left.
You didn't know any spells.
Your spell library contained the following spells:

 Spells                   Type           Power      Damage    Failure   Level
 Magic Dart               Conj           0%         1d3       100%        1
 Scorch                   Fire           0%         2d5       100%        2
 Mephitic Cloud           Conj/Pois/Air  0%         N/A       100%        3
 Flame Wave               Conj/Fire      0%         2d4       100%        4
 Call Imp                 Summ           Unusable   N/A       N/A         2
 Summon Cactus Giant      Summ           Unusable   N/A       N/A         6

Dungeon Overview and Level Annotations

Branches:
Dungeon (9/15)             Temple (1/1) D:7            Lair (1/5) D:9
    Orc (0/2) D:9

Altars:
Ashenzari
Dithmenos
Elyvilon
Fedhas
Gozag
Hepliaklqana
Kikubaaqudgha
Makhleb
Nemelex Xobeh
Okawaru
Qazlal
Ru
Sif Muna
Trog
Uskayaw
Vehumet
Wu Jian
Xom
Yredelemnul
Zin
The Shining One

Shops:
D:2 [   D:6 (

Annotations:
D:9 Gastronok


Innate Abilities, Weirdness & Mutations

You are immune to sickness and miasma.
Your stone body is resilient. (AC +8)
You are immune to poison.
You resist negative energy. (rN+)
You are resistant to electric shocks. (rElec)
You are resistant to unholy torment.
You are immune to petrification.


Message History

The rime drake is moderately wounded.
The rime drake breathes ice at you. The icy flash freeze hits you.
You partially resist.
You are encased in ice.
You hit the rime drake but do no damage.
The rime drake is moderately wounded.
The rime drake bites you but does no damage.
You sock the rime drake!
The rime drake is heavily wounded.
The rime drake bites you but does no damage.
You hit the rime drake.
The rime drake is severely wounded.
The rime drake closely misses you.
You closely miss the rime drake.
The rime drake is severely wounded.
The ice encasing you melts away.
The rime drake bites you but does no damage.
You hit the rime drake.
The rime drake is severely wounded.
The rime drake breathes ice at you. The icy flash freeze hits you!
You partially resist.
You are encased in ice.
You hit the rime drake.
The rime drake is almost dead.
The rime drake bites you but does no damage.
You hit the rime drake.
The rime drake is almost dead.
The rime drake bites you.
* * * LOW HITPOINT WARNING * * *
You puncture the rime drake!
You kill the rime drake!
Okawaru is honoured by your kill. The ice encasing you melts away.
You're wearing all the rings you can.
Remove which one? (? for menu, Esc to cancel) < or
i - a ring of see invisible; > or
C - a ring of protection from cold You remove your ring of see invisible.
The rime drake breathes ice at you. The icy flash freeze hits you!!
You partially resist.
You die...

###..###....## ..
#...##...#..##.#.....#
...#...##.#....##......##
...#...##.#..#.k#.#Y....#
.......##...###k#.'.....#
...#...##..##.###.#....##
........#.##...#.......#
........'#####+####....###
.#.#....##†@†..........#.###
........#k####..............
..........# ###.#...........
########k.# #...............
#..# ##....P......... ##..#
#......(.P...P.. ######P..#
##.............. .........#
#P(............. ########.#
##....(.........


You could see a rime drake (catching breath).

Vanquished Creatures
  A black mamba (Lair:1)
  Joseph (D:7)
  A torpor snail (Lair:1)
  Jeremiah (D:7)
  Psyche (D:9)
  3 rime drakes (Lair:1)
  2 trolls (D:9)
  A hornet (D:9)
  A vampire (D:9)
  3 wyverns (D:9)
  7 yaks
  2 steam dragons
  4 water moccasins (Lair:1)
  5 sky beasts
  2 orc warriors (D:9)
  2 black bears (D:4)
  3 ogres
  2 centaurs
  3 kobold brigands (D:7)
  4 phantoms
  4 bullfrogs
  4 scorpions
  11 wights
  7 killer bees
  2 vampire bats (D:4)
  5 hounds
  4 orc priests
  Crazy Yiuf (D:7)
  4 sleepcaps
  6 iguanas
  4 orc wizards
  7 gnolls
  9 adders
  2 white imps
  2 ufetubi (D:7)
  4 worms
  A dart slug (D:4)
  23 orcs
  2 bat skeletons (D:4)
  4 bat zombies (D:4)
  6 endoplasms
  3 giant cockroaches
  7 goblins
  9 hobgoblins
  3 quokkas
  7 ball pythons
  A bat (D:3)
  3 frilled lizards
  15 kobolds
  12 rats
221 creatures vanquished.

Vanquished Creatures (others)
  An angel (D:5)
1 creature vanquished.

Grand Total: 222 creatures vanquished

Notes
Turn   | Place    | Note
-------+----------+-------------------------------------------
     0 | D:1      | Joey1 the Gargoyle Fighter began the quest for the Orb.
     0 | D:1      | Reached XP level 1. HP: 14/14 MP: 1/1
   259 | D:1      | Reached XP level 2. HP: 19/19 MP: 2/2
   995 | D:2      | Reached XP level 3. HP: 23/23 MP: 3/3
  1608 | D:2      | Found Represhoops's Armour Shop.
  1720 | D:2      | Reached skill level 3 in Maces & Flails
  1720 | D:2      | Reached XP level 4. HP: 24/29 MP: 4/4
  2208 | D:3      | Found a burning altar of Makhleb.
  2420 | D:3      | Noticed a scorpion
  2431 | D:3      | Killed a scorpion
  2432 | D:3      | Reached XP level 5. HP: 25/33 MP: 5/5
  2910 | D:3      | Identified the staff "Fezaps" {rF+ rC+ Str-4 Dex+2 Fire}
  3056 | D:4      | Noticed a phantom
  3062 | D:4      | Killed a phantom
  3063 | D:4      | Reached skill level 4 in Maces & Flails
  3063 | D:4      | Reached XP level 6. HP: 37/39 MP: 6/6
  3180 | D:4      | Noticed a black bear
  3190 | D:4      | Killed a black bear
  3242 | D:4      | Noticed a black bear
  3252 | D:4      | Killed a black bear
  3253 | D:4      | Reached XP level 7. HP: 35/44 MP: 7/7
  3328 | D:4      | Found an ancient bone altar of Kikubaaqudgha.
  3364 | D:4      | Reached skill level 5 in Maces & Flails
  3444 | D:4      | Reached skill level 5 in Fighting
  3444 | D:4      | Reached skill level 5 in Shields
  3526 | D:4      | Reached skill level 5 in Armour
  3554 | D:4      | Found a sparkling altar of Nemelex Xobeh.
  3886 | D:4      | Reached skill level 6 in Maces & Flails
  4125 | D:4      | Reached skill level 7 in Maces & Flails
  4125 | D:4      | Reached XP level 8. HP: 43/49 MP: 8/8
  4189 | D:5      | Entered Level 5 of the Dungeon
  4286 | D:5      | Found a shimmering altar of Xom.
  4291 | D:5      | Noticed an angel
  4653 | D:5      | Reached skill level 8 in Maces & Flails
  4690 | D:5      | Killed an angel
  4865 | D:5      | Found a glowing silver altar of Zin.
  5285 | D:6      | Found Saer's Weapon Boutique.
  5305 | D:6      | Found a shadowy altar of Dithmenos.
  5455 | D:6      | Reached skill level 9 in Maces & Flails
  5894 | D:6      | Found a basalt altar of Yredelemnul.
  6022 | D:6      | HP: 2/49 [killer bee (4)]
  6267 | D:6      | Reached XP level 9. HP: 12/54 MP: 9/9
  6493 | D:6      | Reached skill level 10 in Maces & Flails
  7050 | D:7      | Found a staircase to the Ecumenical Temple.
  7060 | Temple   | Entered the Ecumenical Temple
  7132 | D:7      | Reached skill level 11 in Maces & Flails
  7182 | D:7      | Noticed Joseph
  7354 | D:7      | Noticed Jeremiah
  7577 | D:7      | Killed Jeremiah
  7578 | D:7      | Reached skill level 12 in Maces & Flails
  7751 | D:7      | Found a hide-covered altar of Uskayaw.
  7821 | D:7      | Reached XP level 10. HP: 42/59 MP: 10/10
  7890 | D:7      | Identified the +8 hand axe "Uxyulesu" {holy, rPois rF+
                  | Str+2 Stlth+}
  7964 | D:7      | Found a runed translucent door.
  7965 | D:7      | Noticed Crazy Yiuf
  8042 | D:7      | Found a glowing golden altar of the Shining One.
  8420 | D:7      | Killed Crazy Yiuf
  8525 | D:7      | Killed Joseph
  8526 | D:7      | Reached skill level 13 in Maces & Flails
  8780 | D:8      | Found an iron altar of Okawaru.
  8808 | D:8      | Noticed a two-headed ogre
  8834 | D:8      | Became a worshipper of Warmaster Okawaru
  9512 | D:9      | Found a staircase to the Orcish Mines.
  9519 | D:9      | Found a white marble altar of Elyvilon.
  9519 | D:9      | Identified the +1 chain mail of the Marlin {rElec}
  9536 | D:9      | Found a large runed translucent door.
  9542 | D:9      | Found a large runed translucent door.
  9599 | D:9      | Reached * piety under Okawaru
  9760 | D:9      | Noticed Gastronok
  9811 | D:9      | Found a staircase to the Lair.
  9872 | D:9      | Reached skill level 14 in Maces & Flails
 10196 | D:9      | Found an opulent altar of Gozag.
 10312 | D:9      | Reached ** piety under Okawaru
 10446 | D:9      | Noticed Psyche
 10459 | D:9      | Killed Psyche
 10474 | D:9      | Reached XP level 11. HP: 54/67 MP: 11/11
 10523 | D:9      | Found an ornate altar of the Wu Jian Council.
 10526 | D:9      | Found a blossoming altar of Fedhas.
 10625 | Lair:1   | Entered Level 1 of the Lair of Beasts
 10879 | Lair:1   | Reached *** piety under Okawaru
 11116 | Lair:1   | Reached skill level 15 in Maces & Flails
 11252 | Lair:1   | Found the +4 skin of Zhor {*Englaciate rC+++ SInv}
 11404 | Lair:1   | Killed from afar by a rime drake

Illustrated notes

Levels and vault maps discovered:
D:1:      minmay_arrival_nine_rooms, layout_basic
D:2:      minmay_alternating_diamond, layout_basic, serial_shops,
          nicolae_shop_trees
D:3:      layout_basic, bloody_makhleb, small_statue_intersection,
          chequers_serial_rivers_micro_e, nicolae_underground_beach
D:4:      minmay_chambers_of_fours, layout_basic, kennysheep_vampire_church,
          amcnicky_altar_gilded, serial_co_window_serial, co_window_paths_b,
          co_window_paths_a, co_window_paths_a, co_window_paths_b,
          co_window_corner_a, co_window_paths_a, co_window_2corner,
          co_window_corner_b, co_window_cross_2, co_window_corner_ca,
          glass_columns_a, glass_columns_a, glass_columns_b, glass_columns_b,
          minmay_bisected
D:5:      layout_cave_pods, grunt_temple_overflow_order_and_chaos_1,
          minmay_crystal_room
D:6:      layout_gridville, nicolae_dithmenos_shadow_blocks, old_standard_altar,
          serial_shops, shop
D:7:      layout_rooms, tso_oasis_becter, nicolae_uskayaw_dance_studio,
          minmay_temple_entry_grid, enter_bailey_2, minmay_manual_mail,
          uniq_jeremiah, uniq_crazy_yiuf_cottage, uniq_joseph
D:8:      layout_cave_pools, mainiacjoe_overflow_alcove_4
D:9:      layout_loops_ring, lemuel_crystal_altar, mainiacjoe_overflow_alcove_1,
          jmf_multi_god_temple2, nicolae_overflow_hidden_temple, orc_0_dummy,
          st_stairs_9, chequers_hall_statues_corner_a, nzn_life_drinkers,
          uniq_psyche, uniq_gastronok, uniq_harold
Temple:   hellmonk_temple_of_storms
Lair:1:   layout_chaotic_city, hellmonk_guarded_unrand_zhor, lemuel_fruit_tree,
          grunt_megastairs_5

Skill      XL: |  1  2  3  4  5  6  7  8  9 10 11 |
---------------+----------------------------------+-----
Maces & Flails | 3 4 7 9 12 14 15 | 15.2
Fighting       | 4 5 7 8 |  8.6
Armour         | 4 5 |  5.0
Shields        | 4 5 |  5.0

Action                     |  1- 3 |  4- 6 |  7- 9 | 10-12 || total
---------------------------+-------+-------+-------+-------++-------
  Melee: Flail             |   126 |    97 |   471 |   248 ||   942
         Mace              |       |       |    60 |       ||    60
         Morningstar       |       |       |       |   143 ||   143
    Use: Scroll            |       |       |    11 |     4 ||    15
         Potion            |       |       |     3 |       ||     3
 Armour: Scale mail        |    89 |    36 |       |       ||   125
         Plate armour      |       |    39 |   620 |   288 ||   947
  Dodge: Dodged            |    62 |    39 |   190 |    71 ||   362
  Block: Buckler           |    30 |    25 |   114 |    47 ||   216

Table legend: (Time is in decaauts)
 A = Elapsed time spent in this place.
 B = Non-inter-level travel time spent in this place.
 C = Inter-level travel time spent in this place.
 D = Time resting spent in this place.
 E = Time spent auto-exploring this place.
 F = Levels seen in this place.
 G = Mean time per level.
                   A        B        C        D        E       F      G
               +--------+--------+--------+--------+--------+-----+--------+
         Total |  11380 |  10577 |    803 |   1612 |   6579 |  11 | 1034.5 |
       Dungeon |  10617 |   9814 |    803 |   1335 |   6304 |   9 | 1179.7 |
        Temple |      9 |      9 |      0 |      0 |      0 |   1 |    9.0 |
          Lair |    754 |    754 |      0 |    277 |    275 |   1 |  754.0 |
               +--------+--------+--------+--------+--------+-----+--------+

Top non-repeatable levels by time:
     D:6: 1640 daAuts
     D:9: 1341 daAuts
     D:7: 1331 daAuts
     D:5: 1328 daAuts
     D:4: 1213 daAuts
     D:2: 1145 daAuts
     D:3: 1012 daAuts
     D:1: 904 daAuts
  Lair:1: 754 daAuts
     D:8: 699 daAuts
  Temple: 9 daAuts
